| TOP OF THE 1ST |
|
Burlington Bees batting - Pitching for Lexington Legends : LHP Butch Ott
|
|
Pitching: LHP Butch Ott
|
|
|
Batting: LHB Dave Hicks
|
0-0: Ball 1-0: Called Strike 1-1: Ball 2-1: Ball 3-1: Fly out, F7 (Flyball, 78M, EV 82.5 MPH)
|
|
Batting: RHB Dan Burkhart
|
0-0: Foul Ball, location: 2F 0-1: Swinging Strike 0-2: Strikes out swinging
|
|
Batting: RHB Juan Rosa
|
0-0: Called Strike 0-1: Called Strike 0-2: Foul Ball, location: 2F 0-2: Ball 1-2: Fly out, F8 (Flyball, 8RM, EV 90.0 MPH)
|
| Top of the 1st over - 0 runs, 0 hits, 0 errors, 0 left on base; Burlington 0 - Lexington 0 |
| BOTTOM OF THE 1ST |
|
Lexington Legends batting - Pitching for Burlington Bees : RHP Chris DePalma
|
|
Pitching: RHP Chris DePalma
|
|
|
Batting: LHB Edgar Ortiz
|
0-0: SOLO HOME RUN (Flyball, 89XD, EV 99.4 MPH), Distance : 412 ft
|
|
Batting: RHB Nate De Jongh
|
0-0: Fly out, F7 (Flyball, 78M, EV 88.8 MPH)
|
|
Batting: RHB Nick Julien
|
0-0: Ball 1-0: Ball 2-0: Ball 3-0: Called Strike 3-1: Ground out 5-3 (Groundball, 56S, EV 80.6 MPH)
|
|
Batting: LHB Pablo Serrato
|
0-0: Called Strike 0-1: Ball 1-1: Ball 2-1: Swinging Strike 2-2: Strikes out swinging
|
| Bottom of the 1st over - 1 run, 1 hit, 0 errors, 0 left on base; Burlington 0 - Lexington 1 |
| TOP OF THE 2ND |
|
Burlington Bees batting - Pitching for Lexington Legends : LHP Butch Ott
|
|
Batting: RHB Peter Westover
|
0-0: Ball 1-0: Ball 2-0: SINGLE (Flyball, 4D, EV 93.1 MPH)
|
|
Batting: RHB Rory Cobb
|
0-0: Ball 1-0: Foul Ball, location: 2F 1-1: Ball Peter Westover is caught stealing 2nd base 2-4 2-1: Ball 3-1: Base on Balls
|
|
Pitching: RHP Nam Phong
|
|
|
Batting: RHB Davey Verhoog
|
0-0: Called Strike Rory Cobb is caught stealing 2nd base 2-4 0-1: Ball 1-1: Foul Ball, location: 2F 1-2: Ground out 6-3 (Groundball, 6S, EV 86.2 MPH)
|
| Top of the 2nd over - 0 runs, 1 hit, 0 errors, 0 left on base; Burlington 0 - Lexington 1 |
| BOTTOM OF THE 2ND |
|
Lexington Legends batting - Pitching for Burlington Bees : RHP Chris DePalma
|
|
Batting: SHB Bill Ertl
|
0-0: Called Strike 0-1: Called Strike 0-2: Ball 1-2: Ground out 6-3 (Groundball, 6M, EV 81.2 MPH)
|
|
Batting: RHB Phil Hamby
|
0-0: Ground out 4-3 (Groundball, 4, EV 80.6 MPH)
|
|
Batting: RHB Jesus Malave
|
0-0: Swinging Strike 0-1: Swinging Strike 0-2: Ball 1-2: Ball 2-2: Foul Ball, location: 2F 2-2: Strikes out swinging
|
| Bottom of the 2nd over - 0 runs, 0 hits, 0 errors, 0 left on base; Burlington 0 - Lexington 1 |
| TOP OF THE 3RD |
|
Burlington Bees batting - Pitching for Lexington Legends : RHP Nam Phong
|
|
Batting: LHB Spencer Palmer
|
0-0: Ball 1-0: Foul Ball, location: 2F 1-1: Foul Ball, location: 2F 1-2: Foul Ball, location: 2F 1-2: Fly out, F4 (Popup, 3S, EV 86.2 MPH)
|
|
Batting: RHB Phil Knox
|
0-0: Called Strike 0-1: Ball 1-1: Ball 2-1: Ground out 1-3 (Groundball, 25, EV 66.2 MPH)
|
|
Batting: LHB Alberto Carrillo
|
0-0: Ground out 6-3 (Groundball, 6, EV 78.8 MPH)
|
| Top of the 3rd over - 0 runs, 0 hits, 0 errors, 0 left on base; Burlington 0 - Lexington 1 |
| BOTTOM OF THE 3RD |
|
Lexington Legends batting - Pitching for Burlington Bees : RHP Chris DePalma
|
|
Batting: LHB Danny Pacheco
|
0-0: Ball 1-0: Ball 2-0: Foul Ball, location: 2F 2-1: Fly out, F8 (Flyball, 78XD, EV 87.5 MPH)
|
|
Batting: RHB Vic Nelson
|
0-0: Ball 1-0: Ball 2-0: SINGLE (Flyball, 3D, EV 84.4 MPH)
|
|
Batting: LHB Edgar Ortiz
|
0-0: Called Strike 0-1: Ball 1-1: Ball 2-1: Foul Ball, location: 2F 2-2: Ball 3-2: Base on Balls Vic Nelson to second
|
|
Batting: RHB Nate De Jongh
|
0-0: Called Strike 0-1: Swinging Strike 0-2: Ball 1-2: Foul Ball, location: 2F 1-2: Ball 2-2: Grounds into double play, 5-4-3 (Groundball, 56, EV 100.6 MPH)
|
| Bottom of the 3rd over - 0 runs, 1 hit, 0 errors, 1 left on base; Burlington 0 - Lexington 1 |
| TOP OF THE 4TH |
|
Burlington Bees batting - Pitching for Lexington Legends : RHP Nam Phong
|
|
Batting: LHB Dave Hicks
|
0-0: Ball 1-0: Ball 2-0: Ball 3-0: Fly out, F8 (Line Drive, 78M, EV 91.9 MPH)
|
|
Batting: RHB Dan Burkhart
|
0-0: Ball 1-0: Ball 2-0: Ball 3-0: Ground out 6-3 (Groundball, 6M, EV 80.6 MPH)
|
|
Pitching: RHP Josh Rutledge
|
|
|
Batting: RHB Juan Rosa
|
0-0: Ball 1-0: Foul Ball, location: 2F 1-1: Ground out 5-3 (Groundball, 56S, EV 73.1 MPH)
|
| Top of the 4th over - 0 runs, 0 hits, 0 errors, 0 left on base; Burlington 0 - Lexington 1 |
| BOTTOM OF THE 4TH |
|
Lexington Legends batting - Pitching for Burlington Bees : RHP Chris DePalma
|
|
Batting: RHB Nick Julien
|
0-0: Ball 1-0: Swinging Strike 1-1: Swinging Strike 1-2: Ball 2-2: SINGLE (Line Drive, 7LS, EV 108.8 MPH)
|
|
Batting: LHB Pablo Serrato
|
0-0: Ball Wild Pitch! Nick Julien to second 1-0: Swinging Strike 1-1: Ground out 6-3 (Groundball, 6, EV 106.9 MPH)
|
|
Batting: SHB Bill Ertl
|
0-0: Ball 1-0: Called Strike 1-1: Ground out 6-3 (Groundball, 6, EV 101.2 MPH)
|
|
Batting: RHB Phil Hamby
|
0-0: Ball 1-0: Ball 2-0: SINGLE (Line Drive, 4MD, EV 96.2 MPH) Nick Julien to third Throwing error, E8 Nick Julien scores Phil Hamby to second
|
|
Batting: RHB Jesus Malave
|
0-0: Called Strike 0-1: Ball 1-1: Ball 2-1: Foul Ball, location: 2F 2-2: Fly out, F8 (Line Drive, 8RD, EV 106.9 MPH)
|
| Bottom of the 4th over - 1 run, 2 hits, 1 error, 1 left on base; Burlington 0 - Lexington 2 |
| TOP OF THE 5TH |
|
Burlington Bees batting - Pitching for Lexington Legends : RHP Josh Rutledge
|
|
Batting: RHB Peter Westover
|
0-0: Ball 1-0: Ball 2-0: Called Strike 2-1: Swinging Strike 2-2: Strikes out looking
|
|
Batting: RHB Rory Cobb
|
0-0: Called Strike 0-1: Foul Ball, location: 2F 0-2: SINGLE (Line Drive, 4D, EV 111.2 MPH)
|
|
Batting: RHB Davey Verhoog
|
0-0: Called Strike 0-1: Ball Rory Cobb is caught stealing 2nd base 2-4 1-1: Ball 2-1: Foul Ball, location: 2F 2-2: Strikes out swinging
|
| Top of the 5th over - 0 runs, 1 hit, 0 errors, 0 left on base; Burlington 0 - Lexington 2 |
| BOTTOM OF THE 5TH |
|
Lexington Legends batting - Pitching for Burlington Bees : RHP Chris DePalma
|
|
Batting: LHB Danny Pacheco
|
0-0: Called Strike 0-1: SINGLE (Flyball, 6MD, EV 93.1 MPH)
|
|
Batting: RHB Vic Nelson
|
0-0: Foul Ball, location: 2F 0-1: Ball 1-1: Foul Ball, location: 2F 1-2: Ball 2-2: Foul Ball, location: 2F 2-2: Strikes out swinging
|
|
Batting: LHB Edgar Ortiz
|
0-0: Called Strike 0-1: Ball 1-1: Swinging Strike 1-2: Strikes out looking
|
|
Batting: RHB Nate De Jongh
|
0-0: Called Strike 0-1: Ball 1-1: 2-RUN HOME RUN (Flyball, 9D, EV 98.1 MPH), Distance : 374 ft
|
|
Batting: RHB Nick Julien
|
0-0: Called Strike 0-1: Called Strike 0-2: Ground out 5-3 (Groundball, 5, EV 85.6 MPH)
|
| Bottom of the 5th over - 2 runs, 2 hits, 0 errors, 0 left on base; Burlington 0 - Lexington 4 |
| TOP OF THE 6TH |
|
Burlington Bees batting - Pitching for Lexington Legends : RHP Josh Rutledge
|
|
Batting: LHB Spencer Palmer
|
0-0: Called Strike 0-1: Ball 1-1: Ball 2-1: Fly out, F4 (Line Drive, 4, EV 60.6 MPH)
|
|
Pitching: RHP Ryan Crump
|
|
|
Batting: RHB Phil Knox
|
0-0: Foul Ball, location: 2F 0-1: Ball 1-1: SINGLE (Groundball, 6M, EV 104.4 MPH) (infield hit)
|
|
Batting: LHB Alberto Carrillo
|
0-0: Ball 1-0: Ball 2-0: Ball 3-0: Called Strike 3-1: Called Strike 3-2: Strikes out swinging
|
|
Batting: LHB Dave Hicks
|
0-0: Ball 1-0: Ball 2-0: Ball 3-0: Called Strike 3-1: TRIPLE (Flyball, 78XD, EV 91.2 MPH) Phil Knox scores
|
|
Batting: RHB Dan Burkhart
|
0-0: Ball 1-0: SINGLE (Groundball, 56S, EV 71.9 MPH) (infield hit) Dave Hicks scores
|
|
Batting: RHB Juan Rosa
|
0-0: Foul Ball, location: 2F 0-1: Ball 1-1: Called Strike 1-2: Strikes out swinging
|
| Top of the 6th over - 2 runs, 3 hits, 0 errors, 1 left on base; Burlington 2 - Lexington 4 |
| BOTTOM OF THE 6TH |
|
Lexington Legends batting - Pitching for Burlington Bees : RHP Chris DePalma
|
|
Batting: LHB Pablo Serrato
|
0-0: Ball 1-0: Called Strike 1-1: Ball 2-1: Swinging Strike 2-2: Strikes out swinging
|
|
Batting: SHB Bill Ertl
|
0-0: Called Strike 0-1: SINGLE (Groundball, 6MS, EV 63.8 MPH) (infield hit)
|
|
Batting: RHB Phil Hamby
|
0-0: Ball 1-0: Called Strike 1-1: Called Strike 1-2: Ball 2-2: Ball 3-2: Fly out, F9 (Line Drive, 9, EV 93.8 MPH)
|
|
Pitching: RHP Kennie Williams
|
|
|
Batting: RHB Jesus Malave
|
0-0: Called Strike 0-1: SINGLE (Groundball, 6D, EV 106.9 MPH) Bill Ertl to second
|
|
Batting: LHB Danny Pacheco
|
0-0: Called Strike 0-1: SINGLE (Groundball, 34D, EV 110.6 MPH) Bill Ertl to third Jesus Malave to second Runner from 3rd tries for Home, SAFE, throw by RF to home
|
|
Batting: RHB Vic Nelson
|
0-0: Called Strike 0-1: Ball 1-1: Called Strike 1-2: Foul Ball, location: 2F 1-2: Ball 2-2: Ball 3-2: Foul Ball, location: 2F 3-2: Strikes out swinging
|
| Bottom of the 6th over - 1 run, 3 hits, 0 errors, 2 left on base; Burlington 2 - Lexington 5 |
| TOP OF THE 7TH |
|
Burlington Bees batting - Pitching for Lexington Legends : RHP Ryan Crump
|
|
Pitching: RHP Tony Jimenez
|
|
|
Batting: RHB Peter Westover
|
0-0: Called Strike 0-1: Swinging Strike 0-2: Foul Ball, location: 2F 0-2: Ball 1-2: Ball 2-2: SOLO HOME RUN (Flyball, 7D, EV 98.8 MPH), Distance : 374 ft
|
|
Batting: RHB Rory Cobb
|
0-0: Swinging Strike 0-1: Swinging Strike 0-2: Foul Ball, location: 2F 0-2: Strikes out swinging
|
|
Batting: RHB Davey Verhoog
|
0-0: Ball 1-0: Ball 2-0: Ball 3-0: Called Strike 3-1: Base on Balls
|
|
Batting: LHB Spencer Palmer
|
0-0: Swinging Strike 0-1: Ball 1-1: Ball 2-1: Ball 3-1: Base on Balls Davey Verhoog to second
|
|
Pitching: LHP Tyler Abraham
|
|
|
Batting: RHB Phil Knox
|
0-0: Called Strike 0-1: Ball 1-1: DOUBLE (Flyball, 9LD, EV 100.0 MPH) Davey Verhoog scores Spencer Palmer to third Runner from 3rd tries for Home, throw by RF and OUT! 9-4-2
|
|
Batting: LHB Alberto Carrillo
|
0-0: Fly out, F7 (Flyball, 78M, EV 88.8 MPH)
|
| Top of the 7th over - 2 runs, 2 hits, 0 errors, 1 left on base; Burlington 4 - Lexington 5 |
| BOTTOM OF THE 7TH |
|
Lexington Legends batting - Pitching for Burlington Bees : RHP Kennie Williams
|
|
Pitching: RHP Simon Vogel
|
|
|
Batting: LHB Edgar Ortiz
|
0-0: Called Strike 0-1: Ball 1-1: Ball 2-1: Ball 3-1: Base on Balls
|
|
Batting: RHB Nate De Jongh
|
0-0: Ball Edgar Ortiz steals 2nd base 1-0: SINGLE (Groundball, 6MD, EV 106.9 MPH) Edgar Ortiz to third
|
|
Batting: RHB Nick Julien
|
0-0: Ball 1-0: Foul Ball, location: 2F 1-1: Ball Nate De Jongh is caught stealing 2nd base 2-4 2-1: Ball 3-1: Base on Balls
|
|
Batting: LHB Pablo Serrato
|
0-0: Ball 1-0: Called Strike 1-1: Foul Ball, location: 2F 1-2: Strikes out looking
|
|
Batting: SHB Bill Ertl
|
0-0: Ball 1-0: Ball 2-0: DOUBLE (Line Drive, 78XD, EV 108.8 MPH) Edgar Ortiz scores Nick Julien to third Runner from 3rd tries for Home, SAFE, no throw by CF
|
|
Batting: RHB Phil Hamby
|
0-0: Ball 1-0: Ground out 5-3 (Groundball, 5, EV 82.5 MPH)
|
| Bottom of the 7th over - 2 runs, 2 hits, 0 errors, 1 left on base; Burlington 4 - Lexington 7 |
| TOP OF THE 8TH |
|
Burlington Bees batting - Pitching for Lexington Legends : LHP Tyler Abraham
|
|
Batting: LHB Dave Hicks
|
0-0: Ball 1-0: SINGLE (Groundball, 4D, EV 99.4 MPH)
|
|
Batting: RHB Dan Burkhart
|
0-0: Swinging Strike 0-1: Ball 1-1: Grounds into double play, 4-6-3 (Groundball, 4, EV 88.1 MPH)
|
|
Batting: RHB Juan Rosa
|
0-0: Foul Ball, location: 2F 0-1: Called Strike 0-2: Strikes out swinging
|
| Top of the 8th over - 0 runs, 1 hit, 0 errors, 0 left on base; Burlington 4 - Lexington 7 |
| BOTTOM OF THE 8TH |
|
Lexington Legends batting - Pitching for Burlington Bees : RHP Simon Vogel
|
|
Pitching: RHP Manuel Vega
|
|
|
Batting: RHB Jesus Malave
|
0-0: Ball 1-0: Foul Ball, location: 2F 1-1: Fly out, F8 (Flyball, 8RXD, EV 99.4 MPH)
|
|
Batting: LHB Danny Pacheco
|
0-0: Ball 1-0: Ball 2-0: Foul Ball, location: 2F 2-1: SINGLE (Groundball, 34D, EV 108.8 MPH)
|
|
Batting: RHB Vic Nelson
|
0-0: Ball 1-0: Ball 2-0: Foul Ball, location: 2F 2-1: SINGLE (Groundball, 4MD, EV 105.6 MPH) Danny Pacheco to second
|
|
Batting: LHB Edgar Ortiz
|
0-0: Called Strike 0-1: Ball 1-1: Ball 2-1: Ball Wild Pitch! Danny Pacheco to third Vic Nelson to second 3-1: Intentional Walk
|
|
Batting: RHB Nate De Jongh
|
0-0: Fly out, F9 (Flyball, 9, EV 83.1 MPH)
|
|
Batting: RHB Nick Julien
|
0-0: Ball 1-0: Foul Ball, location: 2F 1-1: Ball 2-1: Fielders Choice at 2nd, 6-4 (Groundball, 6, EV 105.0 MPH)
|
| Bottom of the 8th over - 0 runs, 2 hits, 0 errors, 3 left on base; Burlington 4 - Lexington 7 |
| TOP OF THE 9TH |
|
Burlington Bees batting - Pitching for Lexington Legends : LHP Tyler Abraham
|
|
Pitching: RHP Alex Sanders
|
|
|
Batting: RHB Peter Westover
|
0-0: Ball 1-0: Ball 2-0: Ball 3-0: Base on Balls
|
|
Batting: RHB Rory Cobb
|
0-0: Ball 1-0: Called Strike 1-1: Ball 2-1: Foul Ball, location: 2F 2-2: Ball 3-2: Strikes out swinging
|
|
Batting: RHB Davey Verhoog
|
0-0: Fielders Choice at 2nd, 5-4 (Groundball, 5S, EV 83.8 MPH)
|
|
Batting: LHB Spencer Palmer
|
0-0: Called Strike 0-1: SINGLE (Groundball, 34S, EV 65.6 MPH) (infield hit) Davey Verhoog to second
|
|
Batting: RHB Phil Knox
|
0-0: Ball 1-0: 3-RUN HOME RUN (Flyball, 7LD, EV 93.1 MPH), Distance : 340 ft
|
|
Pitching: RHP Phil Kellum
|
|
|
Batting: LHB Alberto Carrillo
|
0-0: Called Strike 0-1: Swinging Strike 0-2: Ball 1-2: Foul Ball, location: 2F 1-2: Foul Ball, location: 2F 1-2: Foul Ball, location: 2F 1-2: Ball 2-2: Ball 3-2: Strikes out swinging, 2-3 out at first.
|
| Top of the 9th over - 3 runs, 2 hits, 0 errors, 0 left on base; Burlington 7 - Lexington 7 |
| BOTTOM OF THE 9TH |
|
Lexington Legends batting - Pitching for Burlington Bees : RHP Manuel Vega
|
|
Pitching: RHP Nick Madrid
|
|
|
Batting: LHB Pablo Serrato
|
0-0: Called Strike 0-1: Swinging Strike 0-2: Strikes out swinging
|
|
Batting: SHB Bill Ertl
|
0-0: Ball 1-0: Called Strike 1-1: Ball 2-1: SINGLE (Flyball, 8LS, EV 95.0 MPH)
|
|
Batting: RHB Phil Hamby
|
0-0: Ball 1-0: Ball 2-0: Called Strike 2-1: Reached on error, E3 (Groundball, 3S, EV 43.8 MPH) Bill Ertl to second
|
|
Batting: RHB Jesus Malave
|
0-0: Called Strike 0-1: Foul Ball, location: 2F 0-2: Foul Ball, location: 2F 0-2: Ball 1-2: Reached on error, E6 (Groundball, 56D, EV 85.6 MPH) Bill Ertl to third Phil Hamby to second
|
|
Batting: LHB Danny Pacheco
|
0-0: Fly out, F8 (Flyball, 89M, EV 83.8 MPH)
|
|
Pinch Hitting: LHB Mike Bhatti
|
0-0: Ball 1-0: Called Strike 1-1: Called Strike 1-2: Foul Ball, location: 2F 1-2: Fielders Choice at 2nd, 5-4 (Groundball, 56, EV 81.2 MPH)
|
| Bottom of the 9th over - 0 runs, 1 hit, 2 errors, 3 left on base; Burlington 7 - Lexington 7 |
| TOP OF THE 10TH |
|
Burlington Bees batting - Pitching for Lexington Legends : RHP Phil Kellum
|
|
Now at C: Vance Coen
|
|
|
Batting: LHB Dave Hicks
|
0-0: Ball 1-0: Ball 2-0: Ball 3-0: Called Strike 3-1: Foul Ball, location: 2F 3-2: Ground out 1-3 (Groundball, 25, EV 74.4 MPH)
|
|
Batting: RHB Dan Burkhart
|
0-0: DOUBLE (Line Drive, 7LS, EV 97.5 MPH)
|
|
Batting: RHB Juan Rosa
|
0-0: Foul Ball, location: 2F 0-1: Called Strike 0-2: Ball 1-2: Ball 2-2: Strikes out swinging
|
|
Pitching: RHP Ian Current
|
|
|
Batting: RHB Peter Westover
|
0-0: Called Strike 0-1: Ground out 5-3 (Groundball, 56, EV 80.0 MPH)
|
| Top of the 10th over - 0 runs, 1 hit, 0 errors, 1 left on base; Burlington 7 - Lexington 7 |
| BOTTOM OF THE 10TH |
|
Lexington Legends batting - Pitching for Burlington Bees : RHP Nick Madrid
|
|
Pitching: RHP Josh Reynolds
|
|
|
Batting: LHB Edgar Ortiz
|
0-0: Ball 1-0: Called Strike 1-1: Foul Ball, location: 2F 1-2: Ball 2-2: Ball 3-2: Ground out 6-3 (Groundball, 6S, EV 87.5 MPH)
|
|
Batting: RHB Nate De Jongh
|
0-0: Swinging Strike 0-1: Foul Ball, location: 2F 0-2: Reached on error, E2 (Groundball, 13S, EV 61.9 MPH)
|
|
Batting: RHB Nick Julien
|
0-0: Foul Ball, location: 2F 0-1: Ground out 6-3 (Groundball, 6, EV 79.4 MPH)
|
|
Batting: LHB Pablo Serrato
|
0-0: Called Strike 0-1: Ball 1-1: Ground out 6-3 (Groundball, 6, EV 103.8 MPH)
|
| Bottom of the 10th over - 0 runs, 0 hits, 1 error, 1 left on base; Burlington 7 - Lexington 7 |
| TOP OF THE 11TH |
|
Burlington Bees batting - Pitching for Lexington Legends : RHP Ian Current
|
|
Batting: RHB Rory Cobb
|
0-0: Called Strike 0-1: Ball 1-1: SINGLE (Line Drive, 9S, EV 95.6 MPH)
|
|
Batting: RHB Davey Verhoog
|
0-0: Bunt missed! 0-1: Bunted foul 0-2: Strikes out looking
|
|
Batting: LHB Spencer Palmer
|
0-0: Fielders Choice at 2nd, 4-6 (Groundball, 4, EV 83.8 MPH)
|
|
Batting: RHB Phil Knox
|
0-0: Swinging Strike 0-1: Ball 1-1: Called Strike 1-2: Foul Ball, location: 2F 1-2: Fielders Choice at 2nd, 5-4 (Groundball, 5, EV 84.4 MPH)
|
| Top of the 11th over - 0 runs, 1 hit, 0 errors, 1 left on base; Burlington 7 - Lexington 7 |
| BOTTOM OF THE 11TH |
|
Lexington Legends batting - Pitching for Burlington Bees : RHP Josh Reynolds
|
|
Batting: SHB Bill Ertl
|
0-0: Called Strike 0-1: Ball 1-1: Ball 2-1: Ball 3-1: Base on Balls
|
|
Batting: RHB Phil Hamby
|
0-0: Bunt missed! 0-1: Bunted foul 0-2: Strikes out swinging
|
|
Batting: RHB Jesus Malave
|
0-0: Ball 1-0: Fly out, F3 (Popup, 23F, EV 89.4 MPH)
|
|
Batting: LHB Danny Pacheco
|
0-0: Called Strike 0-1: Ball 1-1: Ball 2-1: SINGLE (Groundball, 34D, EV 105.6 MPH) Bill Ertl to second Runner from 2nd tries for 3rd, SAFE, throw by RF made to third
|
|
Batting: RHB Vance Coen
|
0-0: Ball 1-0: Swinging Strike 1-1: Ball Wild Pitch! Bill Ertl scores
|
| Bottom of the 11th over - 1 run, 1 hit, 0 errors, 1 left on base; Burlington 7 - Lexington 8 |
|